 Dungeon Crawl Stone Soup version 0.21-a0-538-gd16b88a (webtiles) character file.

112 Lasiace the Skirmisher (level 4, 0/52 HPs)
             Began as an Ogre Gladiator on Dec 16, 2017.
             Slain by a gnoll
             ... wielding a +0 club
              (5 damage)
             ... on level 2 of the Dungeon.
             The game lasted 00:07:47 (2303 turns).

Lasiace the Skirmisher (Ogre Gladiator)             Turns: 2303, Time: 00:07:48

Health: 0/52       AC:  3    Str: 18    XL:     4   Next: 93%
Magic:  4/4        EV: 10    Int:  9    God:
Gold:   65         SH:  0    Dex: 11    Spells: 3/3 levels left

rFire    . . .     SeeInvis .   a - +0 flail
rCold    . . .     Gourm    .   (no shield)
rNeg     . . .     Faith    .   d - +0 robe
rPois    .         Spirit   .   D - +0 hat
rElec    .         Reflect  .   (no cloak)
rCorr    .         Harm     .   (gloves unavailable)
MR       .....                  (boots unavailable)
Stlth    +.........             I - amulet of inaccuracy (curse)
HPRegen  0.17/turn              (no ring)
MPRegen  0.09/turn              (no ring)

@: no status effects
A: large, unfitting armour, tough skin 1
a: no special abilities


You were on level 2 of the Dungeon.
You were very hungry.

You visited 1 branch of the dungeon, and saw 2 of its levels.

You collected 65 gold pieces.

Inventory:

Hand Weapons
 a - a +0 flail (weapon)
 b - a +0 hunting sling
Missiles
 h - 11 sling bullets {@Q3 @f3}
 i - 2 throwing nets {=f !f @Q7 @f7}
 l - 19 stones (quivered) {@Q0 @f0}
 p - 23 poisoned needles
Armour
 d - a +0 robe (worn)
 D - a +0 hat (worn)
Jewellery
 I - a cursed amulet of inaccuracy (around neck)
Scrolls
 c - 2 scrolls of blinking {unknown}
 k - 2 scrolls of teleportation {unknown}
 m - a scroll of remove curse {unknown}
 n - a scroll of amnesia {unknown}
Potions
 e - a potion of berserk rage {unknown}
 j - a potion of degeneration {unknown}
 r - 2 potions of curing {unknown}
Comestibles
 f - a bread ration
 g - 4 fruits
 o - a royal jelly
 q - a meat ration


   Skills:
 - Level 6.1 Fighting
 + Level 3.1 Maces & Flails
 - Level 2.0 Throwing
 - Level 2.6 Dodging


You had 3 spell levels left.
You didn't know any spells.

Dungeon Overview and Level Annotations

Branches:
Dungeon (2/15)

Altars:


Innate Abilities, Weirdness & Mutations

You are too large for most types of armour.
You have tough skin. (AC +1)


Message History

* * * LOW HITPOINT WARNING * * *
You closely miss the gnoll. The gnoll hits you with a club.
* * * LOW HITPOINT WARNING * * *
You miss the gnoll. The gnoll closely misses you.
You barely miss the gnoll. The gnoll barely misses you.
You hit the gnoll.
The gnoll is moderately wounded.
The gnoll closely misses you.
You closely miss the gnoll.
The gnoll is moderately wounded.
The gnoll hits you but does no damage.
You closely miss the gnoll.
The gnoll is moderately wounded.
The gnoll hits you with a club.
* * * LOW HITPOINT WARNING * * *
There is an escape hatch in the ceiling here.
You closely miss the gnoll.
The gnoll is moderately wounded.
The gnoll hits you with a club.
You die...

#########
#####.......#
......#####.#
[..##.# #.######
....#.# #......#
....#.# #.####@#
).รท.#.#####.# #g#
...##......<####.#
(.##########.....#
)## .... #.#####
.# ..... #.#
(##...... #.#
.(....g.. #.#
.##...(.. #.#


You could see a gnoll.

Vanquished Creatures
  A water moccasin skeleton (D:2)
  2 gnolls (D:2)
  2 worms (D:2)
  A dart slug (D:2)
  2 leopard geckos
  2 giant cockroaches (D:1)
  A goblin (D:1)
  4 hobgoblins (D:1)
  4 jackals (D:2)
  4 bats
  4 frilled lizards
  5 kobolds
  6 rats
38 creatures vanquished.

Notes
Turn   | Place    | Note
-------+----------+-------------------------------------------
     0 | D:1      | Lasiace the Ogre Gladiator began the quest for the Orb.
     0 | D:1      | Reached XP level 1. HP: 22/22 MP: 1/1
    73 | D:1      | Reached skill level 3 in Fighting
   490 | D:1      | Reached XP level 2. HP: 21/31 MP: 2/2
   786 | D:1      | Reached skill level 4 in Fighting
  1311 | D:1      | Reached XP level 3. HP: 40/40 MP: 3/3
  1700 | D:2      | Reached skill level 5 in Fighting
  1915 | D:2      | Reached skill level 6 in Fighting
  1915 | D:2      | Reached XP level 4. HP: 10/52 MP: 4/4
  2211 | D:2      | HP: 2/52 [gnoll/club (10)]
  2287 | D:2      | HP: 2/52 [gnoll/club (6)]
  2303 | D:2      | Slain by a gnoll

Vault maps used:
D:1:      scummos_arrival_gate

Skill      XL: |  1  2  3  4 |
---------------+-------------+-----
Fighting       | 3 4 6 |  6.1
Maces & Flails | 3 |  3.1
Throwing       | |  2.0
Dodging        | |  2.6

Action                   |  1- 3 |  4- 6 || total
-------------------------+-------+-------++-------
Melee: Flail             |   130 |    14 ||   144
 Fire: Hunting sling     |    28 |    15 ||    43
Throw: Stone             |    27 |       ||    27
       Throwing net      |       |     1 ||     1
  Eat: Chunk             |     3 |       ||     3
Armor: Robe              |    39 |     2 ||    41
Dodge: Dodged            |    95 |     9 ||   104

Table legend:
 A = Spawn XP
 B = Non-spawn XP
 C = Spawn XP percentage of total XP
 D = Spawn monster count
 E = Non-spawn monster count
 F = Spawn count percentage of total count
 G = Total turns spent on level
                    A         B        C        D         E        F      G
               +---------+---------+-------+---------+---------+-------+---------
         Total |       0 |     160 |   0.0 |       0 |      38 |   0.0 |  2303
               +---------+---------+-------+---------+---------+-------+---------
           D:1 |       0 |      34 |   0.0 |       0 |      22 |   0.0 |  1332
           D:2 |       0 |     126 |   0.0 |       0 |      16 |   0.0 |   971
               +---------+---------+-------+---------+---------+-------+---------
